Tamiflu vs Inferno
Created - 12 février 2014 at 22:38
Goals
|
| Tamiflu |
1 |
4 |
2 |
7 |
| Inferno |
1 |
1 |
3 |
5 |
|
Shots
|
| Tamiflu |
7 |
10 |
6 |
23 |
| Inferno |
5 |
15 |
16 |
36 |
|
1st period
1. Tamiflu , Jani Rita 14 (Nate Thompson, Nathan Oystrick) at 7:23
2. Inferno , Brian Boyle 20 (Pierre-Luc Létourneau) at 16:47
Penalties :
Brendan Mikkelson (Anc) for Tripping (Minor) at 17:21
2nd period
3. Tamiflu , Mike Brown 29 (Radek Bonk, Alex Picard) at 2:15
4. Tamiflu , Jani Rita 15 (Nate Thompson, Petr Pohl) at 9:58
5. Tamiflu , Petr Pohl 14 (Nate Thompson) at 10:33
6. Inferno , Jonathan Ferland 39 (Mikhail Grabovski, Brendan Smith) at 11:27
7. Tamiflu , Mike Brown 30 (Radek Bonk) at 15:59
Penalties :
Radek Bonk (Det) for Boarding (Minor) at 5:55, Jonathan Sigalet (Det) for Hooking (Minor) at 16:21
3rd period
8. Inferno , Brian Boyle 21 (Pierre-Luc Létourneau) at 5:01
9. Tamiflu , David Clarkson 17 (Nate Thompson) at 9:19 (SH)
10. Tamiflu , Nate Thompson 29 (Jani Rita) at 10:38
11. Inferno , Alex Berry 8 (Pierre-Luc Létourneau, Brian Boyle) at 11:19
12. Inferno , Vladimir Sobotka 10 (Matt Kassian, Brendan Mikkelson) at 18:32
Penalties :
Derek Meech (Anc) for Hooking (Minor) at 1:48, Nathan Oystrick (Det) for Hooking (Minor) at 8:10
Goalie Stats
Mike McKenna (Det), 31 saves from 36 shots - (0,861), W, 22-8-5, 60:00 minutes
Jonathan Boutin (Anc), 4 saves from 7 shots - (0,571), L, 7-6-1, 29:27 minutes
Josh Harding (Anc), 12 saves from 16 shots - (0,750), 30:33 minutes
Players Stats for Tamiflu
Player Name G A P +/- PIM S H SB GA TA FO MP PP MP PK MP
------------------------------------------------------------------------------------
Adam Henrique 0 0 0 0 0 1 0 0 0 0 4/6 8:22 0:36 0:00
Alex Picard 0 1 1 0 0 3 3 0 0 0 0/0 22:44 1:33 3:27
David Clarkson 1 0 1 0 0 1 1 1 0 0 0/0 12:05 0:21 1:03
Greg Mauldin 0 0 0 -2 0 0 4 0 0 0 1/4 10:14 0:00 0:54
Jan Mursak 0 0 0 -1 0 0 1 0 0 0 0/0 10:19 0:00 0:00
Jani Rita 2 1 3 3 0 3 2 0 0 0 0/0 16:49 1:55 1:10
Johan Fransson 0 0 0 3 0 0 0 0 0 0 0/0 13:39 0:00 1:06
Jonathan Sigalet 0 0 0 1 2 4 5 1 1 1 0/0 27:26 2:11 2:56
Jordan Hendry 0 0 0 0 0 0 0 1 0 0 0/0 19:51 1:47 1:35
Kyle Lawson 0 0 0 1 0 0 1 1 0 0 0/0 12:49 0:00 0:38
Mattias Tedenby 0 0 0 -1 0 0 0 0 0 0 1/1 7:56 0:00 0:00
Mike Brown 2 0 2 0 0 2 0 1 0 1 3/3 19:56 1:29 1:20
Nate Thompson 1 4 5 4 0 2 3 1 0 0 8/15 18:00 2:04 1:16
Nathan Oystrick 0 1 1 -2 2 1 1 3 0 1 0/0 19:29 1:47 1:26
Pavel Trnka 0 0 0 1 0 2 2 1 1 1 0/0 27:56 2:11 4:13
Petr Pohl 1 1 2 3 0 2 1 0 0 1 0/0 15:07 2:04 0:00
Radek Bonk 0 2 2 0 2 2 0 2 0 0 15/30 22:49 1:33 2:30
Rich Clune 0 0 0 -1 0 0 2 0 0 0 0/1 8:29 0:19 0:14
Players Stats for Inferno
Player Name G A P +/- PIM S H SB GA TA FO MP PP MP PK MP
------------------------------------------------------------------------------------
Alex Berry 1 0 1 3 0 2 1 1 0 0 0/1 11:09 0:12 0:00
Andrej Sekera 0 0 0 0 0 2 1 0 0 0 0/0 27:42 3:33 2:20
Brad Marchand 0 0 0 -2 0 2 0 0 0 0 1/1 21:49 3:18 0:49
Brendan Mikkelson 0 1 1 1 2 1 0 1 0 0 0/0 16:54 0:00 1:08
Brendan Smith 0 1 1 -1 0 1 2 1 0 0 0/0 26:21 3:33 2:33
Brian Boyle 2 1 3 3 0 4 1 0 1 0 4/8 12:36 0:00 2:08
Colin Wilson 0 0 0 -4 0 3 0 0 0 0 3/7 16:28 2:27 0:00
Derek Meech 0 0 0 0 2 0 0 0 0 0 0/0 22:12 2:24 0:52
Jonathan Ferland 1 0 1 -2 0 6 2 0 1 1 1/4 23:24 3:18 2:14
Jozef Balej 0 0 0 -4 0 3 1 1 1 0 1/1 14:52 0:12 0:00
Mark Mitera 0 0 0 -1 0 1 1 0 0 0 0/0 12:06 0:00 1:03
Matt Kassian 0 1 1 1 0 0 2 0 0 0 0/0 7:12 0:00 0:00
Mikhail Grabovski 0 1 1 -2 0 3 3 0 1 1 18/36 21:42 3:18 0:42
Pierre-Luc Létourneau 0 3 3 3 0 1 4 0 1 0 0/0 12:04 0:12 0:55
Stephane Veilleux 0 0 0 -4 0 2 0 0 0 0 0/0 16:31 2:27 0:00
Vladimir Sobotka 1 0 1 1 0 2 2 0 0 0 0/2 8:23 0:00 1:08
Vladimir Zharkov 0 0 0 1 0 3 3 0 0 0 0/0 9:42 2:27 0:00
Yannick Weber 0 0 0 -3 0 0 0 1 0 0 0/0 14:53 2:24 0:00
3 Stars
1 - Nate Thompson (Det)
2 - Jani Rita (Det)
3 - Brian Boyle (Anc)
Power Play
Tamiflu - 0 on 2 Attempt(s) - 0,00%
Inferno - 0 on 3 Attempt(s) - 0,00%
Penalty Kill
Tamiflu - 3 on 3 Attempt(s) - 100,00%
- Score 1 goal in Penalty Kill
Inferno - 2 on 2 Attempt(s) - 100,00%
- Score 0 goal in Penalty Kill
Official
Referees : Auger Stephane and Marouelli Dan
Linesman : Brad Lazarowich and Pierre Racicot
Game Notes
Jonathan Boutin enters game at 10:33 of 2nd period
Adam Henrique is injured at 5:51 of 3rd period (Torso)
Finance
Level 1 -- Attendance: 1471 (73,55%) -- Ticket Income 51 485 $
Level 2 -- Attendance: 797 (79,70%) -- Ticket Income 11 955 $
Total Attendance: 2268 (75,60%)
Total Ticket Income: 63 440 $
Other Income: 3 172 $
Total Income: 66 612 $
Tamiflu
5 vs 5 Forward
Center Left Wing Right Wing Time % Phy DF OF
1 Radek Bonk Alex Picard Mike Brown 40 1 2 2
2 Nate Thompson Jani Rita Petr Pohl 30 1 2 2
3 Adam Henrique Jan Mursak David Clarkson 20 1 2 2
4 Greg Mauldin Rich Clune Mattias Tedenby 10 1 2 2
5 vs 5 Defense
Defense Defense Time % Phy DF OF
1 Jonathan Sigalet Pavel Trnka 40 1 2 2
2 Nathan Oystrick Jordan Hendry 30 1 2 2
3 Johan Fransson Kyle Lawson 20 1 2 2
4 Jonathan Sigalet Pavel Trnka 10 1 2 2
PowerPlay Forward
Center Left Wing Right Wing Time % Phy DF OF
1 Radek Bonk Alex Picard Mike Brown 60 1 2 2
2 Nate Thompson Jani Rita Petr Pohl 40 1 2 2
PowerPlay Defense
Defense Defense Time % Phy DF OF
1 Jonathan Sigalet Pavel Trnka 60 1 2 2
2 Nathan Oystrick Jordan Hendry 40 1 2 2
Penalty Kill 4 Players Forward
Center Wing Time % Phy DF OF
1 Radek Bonk Alex Picard 60 1 2 2
2 Nate Thompson David Clarkson 40 1 2 2
Penalty Kill 4 Players Defense
Defense Defense Time % Phy DF OF
1 Jonathan Sigalet Pavel Trnka 60 1 2 2
2 Nathan Oystrick Jordan Hendry 40 1 2 2
Penalty Kill - 3 Players Forward
Forward Time % Phy DF OF
1 Radek Bonk 60 1 2 2
2 Nate Thompson 40 1 2 2
Penalty Kill - 3 Players Defense
Defense Defense Time % Phy DF OF
1 Jonathan Sigalet Pavel Trnka 60 1 2 2
2 Nathan Oystrick Jordan Hendry 40 1 2 2
4 vs 4 Forward
Center Wing Time % Phy DF OF
1 Radek Bonk Alex Picard 60 1 2 2
2 Nate Thompson Mike Brown 40 1 2 2
4 vs 4 Defense
Defense Defense Time % Phy DF OF
1 Jonathan Sigalet Pavel Trnka 60 1 2 2
2 Nathan Oystrick Jordan Hendry 40 1 2 2
Last Minutes Offensive
Center Left Wing Right Wing Defense Defense
Radek Bonk Alex Picard Mike Brown Jonathan Sigalet Pavel Trnka
Last Minutes Defensive
Center Left Wing Right Wing Defense Defense
Radek Bonk Alex Picard Mike Brown Jonathan Sigalet Pavel Trnka
Goaltenders
Starting : Mike McKenna
Backup : Thomas Greiss
Extra Forwards
Normal : Adam Henrique, David Clarkson, Nate Thompson - PP : Adam Henrique, Nate Thompson - PK : Mike Brown
Extra Defensemen
Normal : Kyle Lawson, Johan Fransson, Jordan Hendry - PP : Kyle Lawson - PK : Johan Fransson, Kyle Lawson
Penalty Shots
Radek Bonk, Alex Picard, Jani Rita, Mattias Tedenby, David Clarkson
Inferno
5 vs 5 Forward
Center Left Wing Right Wing Time % Phy DF OF
1 Mikhail Grabovski Brad Marchand Jonathan Ferland 40 1 2 2
2 Colin Wilson Stephane Veilleux Jozef Balej 30 1 2 2
3 Brian Boyle Pierre-Luc Létourneau Alex Berry 20 1 2 2
4 Vladimir Sobotka Matt Kassian Vladimir Zharkov 10 1 2 2
5 vs 5 Defense
Defense Defense Time % Phy DF OF
1 Brendan Smith Andrej Sekera 40 1 2 2
2 Derek Meech Brendan Mikkelson 30 1 2 2
3 Mark Mitera Yannick Weber 20 1 2 2
4 Derek Meech Andrej Sekera 10 1 2 2
PowerPlay Forward
Center Left Wing Right Wing Time % Phy DF OF
1 Mikhail Grabovski Brad Marchand Jonathan Ferland 60 1 2 2
2 Colin Wilson Stephane Veilleux Vladimir Zharkov 40 1 2 2
PowerPlay Defense
Defense Defense Time % Phy DF OF
1 Brendan Smith Andrej Sekera 60 1 2 2
2 Derek Meech Yannick Weber 40 1 2 2
Penalty Kill 4 Players Forward
Center Wing Time % Phy DF OF
1 Brian Boyle Jonathan Ferland 60 1 3 1
2 Vladimir Sobotka Pierre-Luc Létourneau 40 1 3 1
Penalty Kill 4 Players Defense
Defense Defense Time % Phy DF OF
1 Brendan Smith Andrej Sekera 60 1 3 1
2 Derek Meech Brendan Mikkelson 40 1 3 1
Penalty Kill - 3 Players Forward
Forward Time % Phy DF OF
1 Brian Boyle 60 1 4 0
2 Vladimir Sobotka 40 1 4 0
Penalty Kill - 3 Players Defense
Defense Defense Time % Phy DF OF
1 Brendan Smith Andrej Sekera 60 1 4 0
2 Derek Meech Brendan Mikkelson 40 1 4 0
4 vs 4 Forward
Center Wing Time % Phy DF OF
1 Mikhail Grabovski Brad Marchand 60 1 2 2
2 Colin Wilson Jonathan Ferland 40 1 2 2
4 vs 4 Defense
Defense Defense Time % Phy DF OF
1 Brendan Smith Andrej Sekera 60 1 2 2
2 Derek Meech Yannick Weber 40 1 2 2
Last Minutes Offensive
Center Left Wing Right Wing Defense Defense
Mikhail Grabovski Brad Marchand Jonathan Ferland Brendan Smith Andrej Sekera
Last Minutes Defensive
Center Left Wing Right Wing Defense Defense
Mikhail Grabovski Brad Marchand Jonathan Ferland Derek Meech Andrej Sekera
Goaltenders
Starting : Josh Harding
Backup : Jonathan Boutin
Extra Forwards
Normal : Jonathan Ferland, Pierre-Luc Létourneau, Jozef Balej - PP : Jozef Balej, Pierre-Luc Létourneau - PK : Vladimir Sobotka
Extra Defensemen
Normal : Derek Meech, Brendan Mikkelson, Mark Mitera - PP : Yannick Weber - PK : Derek Meech, Brendan Mikkelson
Penalty Shots
Mikhail Grabovski, Colin Wilson, Jonathan Ferland, Brad Marchand, Vladimir Zharkov
% Time on Ice - Tamiflu
Lines # - Real PCT - Wanted PCT - Time Play
Normal Forward
1 - 38% - 40% - 19:09
2 - 25% - 30% - 12:41
3 - 21% - 20% - 10:19
4 - 16% - 10% - 7:56
Normal Defense
1 - 40% - 40% - 20:07
2 - 33% - 30% - 16:29
3 - 22% - 20% - 11:10
4 - 5% - 10% - 2:19
PP Forward
1 - 39% - 60% - 1:33
2 - 61% - 40% - 2:25
PP Defense
1 - 55% - 60% - 2:11
2 - 45% - 40% - 1:47
PK Forward
1 - 82% - 60% - 4:54
2 - 18% - 40% - 1:03
PK Defense
1 - 73% - 60% - 4:22
2 - 27% - 40% - 1:35
PK3 Forward
1 - 0% - 60%
2 - 0% - 40%
PK3 Defense
1 - 0% - 60%
2 - 0% - 40%
44 Forward
1 - 0% - 60%
2 - 0% - 40%
44 Defense
1 - 0% - 60%
2 - 0% - 40%
Last Minute Offensive - 0:00
Last Minute Defensive - 0:00
Total
Forward - 60:00
Defense - 60:00
|
% Time on Ice - Inferno
Lines # - Real PCT - Wanted PCT - Time Play
Normal Forward
1 - 37% - 40% - 18:31
2 - 28% - 30% - 14:01
3 - 21% - 20% - 10:18
4 - 14% - 10% - 7:15
Normal Defense
1 - 38% - 40% - 19:06
2 - 35% - 30% - 17:23
3 - 22% - 20% - 11:03
4 - 5% - 10% - 2:33
PP Forward
1 - 59% - 60% - 3:30
2 - 41% - 40% - 2:27
PP Defense
1 - 60% - 60% - 3:33
2 - 40% - 40% - 2:24
PK Forward
1 - 77% - 60% - 3:03
2 - 23% - 40% - 0:55
PK Defense
1 - 44% - 60% - 1:44
2 - 56% - 40% - 2:14
PK3 Forward
1 - 0% - 60%
2 - 0% - 40%
PK3 Defense
1 - 0% - 60%
2 - 0% - 40%
44 Forward
1 - 0% - 60%
2 - 0% - 40%
44 Defense
1 - 0% - 60%
2 - 0% - 40%
Last Minute Offensive - 0:00
Last Minute Defensive - 0:00
Total
Forward - 60:00
Defense - 60:00
|
Play by Play
1st period
0:01 of 1st period - Mikhail Grabovski wins face-off versus Radek Bonk in neutral zone.
0:28 of 1st period - Wrist shot by Jozef Balej.
0:28 of 1st period - Stopped by Mike McKenna without a rebound.
0:29 of 1st period - Nate Thompson wins face-off versus Colin Wilson in Tamiflu zone.
0:39 of 1st period - Snap shot by Colin Wilson.
0:39 of 1st period - Shot Blocked by Nathan Oystrick.
0:41 of 1st period - Slapshot by Brendan Mikkelson.
0:41 of 1st period - Deflect By Colin Wilson.
0:41 of 1st period - Shot Blocked by Nate Thompson.
0:41 of 1st period - Puck is out of play.
0:42 of 1st period - Adam Henrique wins face-off versus Alex Berry in Tamiflu zone.
0:47 of 1st period - Johan Fransson is hit by Pierre-Luc Létourneau and loses puck.
1:19 of 1st period - Snap shot by Vladimir Zharkov.
1:19 of 1st period - Stopped by Mike McKenna with a rebound.
1:37 of 1st period - Wrist shot by Alex Picard.
1:37 of 1st period - Stopped by Josh Harding without a rebound.
1:38 of 1st period - Colin Wilson wins face-off versus Nate Thompson in Inferno zone.
2:33 of 1st period - Jan Mursak is hit by Matt Kassian and loses puck.
3:10 of 1st period - Slapshot by Jozef Balej.
3:10 of 1st period - Shot Misses the Net.
3:12 of 1st period - Snap shot by Stephane Veilleux.
3:12 of 1st period - Shot Misses the Net.
3:25 of 1st period - Off-side.
3:26 of 1st period - Mikhail Grabovski wins face-off versus Radek Bonk in neutral zone.
3:28 of 1st period - Off-side.
3:29 of 1st period - Mikhail Grabovski wins face-off versus Radek Bonk in neutral zone.
3:34 of 1st period - Wrist shot by Mikhail Grabovski.
3:34 of 1st period - Stopped by Mike McKenna without a rebound.
3:35 of 1st period - Mikhail Grabovski wins face-off versus Radek Bonk in Tamiflu zone.
3:40 of 1st period - Snap shot by Mikhail Grabovski.
3:40 of 1st period - Shot Blocked by Radek Bonk.
4:01 of 1st period - Jozef Balej is hit by Nathan Oystrick and loses puck.
4:17 of 1st period - Icing by Andrej Sekera.
4:18 of 1st period - Colin Wilson wins face-off versus Radek Bonk in Inferno zone.
5:04 of 1st period - Snap shot by Stephane Veilleux.
5:04 of 1st period - Stopped by Mike McKenna with a rebound.
5:20 of 1st period - Nate Thompson is hit by Mark Mitera and loses puck.
6:06 of 1st period - Derek Meech is hit by Jani Rita and loses puck.
6:34 of 1st period - Snap shot by Jani Rita.
6:34 of 1st period - Stopped by Josh Harding with a rebound.
6:36 of 1st period - Wrist shot by Petr Pohl.
6:36 of 1st period - Shot Misses the Net.
6:38 of 1st period - Wrist shot by Petr Pohl.
6:38 of 1st period - Shot Misses the Net.
6:46 of 1st period - Jonathan Sigalet is hit by Jozef Balej and loses puck.
7:23 of 1st period - Snap shot by Jani Rita.
7:23 of 1st period - Goal by Jani Rita - Tamiflu : 1 - Inferno : 0.
7:24 of 1st period - Mike Brown wins face-off versus Mikhail Grabovski in neutral zone.
11:00 of 1st period - Yannick Weber is hit by Jonathan Sigalet and loses puck.
13:24 of 1st period - Alex Picard is hit by Mikhail Grabovski and loses puck.
14:29 of 1st period - Brian Boyle is hit by Rich Clune and loses puck.
16:04 of 1st period - Icing by Jan Mursak.
16:05 of 1st period - Mikhail Grabovski wins face-off versus Adam Henrique in Tamiflu zone.
16:30 of 1st period - Jonathan Sigalet is hit by Matt Kassian and loses puck.
16:45 of 1st period - Wrist shot by Pierre-Luc Létourneau.
16:45 of 1st period - Shot Blocked by Kyle Lawson.
16:47 of 1st period - Snap shot by Brian Boyle.
16:47 of 1st period - Goal by Brian Boyle - Tamiflu : 1 - Inferno : 1.
16:48 of 1st period - Radek Bonk wins face-off versus Mikhail Grabovski in neutral zone.
16:53 of 1st period - Wrist shot by Mike Brown.
16:53 of 1st period - Shot Misses the Net.
16:55 of 1st period - Snap shot by Jonathan Sigalet.
16:55 of 1st period - Stopped by Josh Harding with a rebound.
16:57 of 1st period - Slapshot by Mike Brown.
16:57 of 1st period - Shot Misses the Net.
16:59 of 1st period - Backhand shot by Mike Brown.
16:59 of 1st period - Shot Misses the Net.
17:01 of 1st period - Slapshot by Jonathan Sigalet.
17:01 of 1st period - Stopped by Josh Harding with a rebound.
17:03 of 1st period - Snap shot by Pavel Trnka.
17:03 of 1st period - Stopped by Josh Harding with a rebound.
17:13 of 1st period - Nate Thompson is hit by Brian Boyle and loses puck.
17:21 of 1st period - Minor Penalty to Brendan Mikkelson for Tripping.
17:22 of 1st period - Mike Brown wins face-off versus Brian Boyle in Inferno zone.
17:57 of 1st period - Jonathan Sigalet is hit by Jonathan Ferland and loses puck.
19:21 of 1st period - Penalty to Brendan Mikkelson is over, Brendan Mikkelson is back on ice.
19:30 of 1st period - Off-side.
19:31 of 1st period - Adam Henrique wins face-off versus Colin Wilson in neutral zone.
19:34 of 1st period - Snap shot by Nathan Oystrick.
19:34 of 1st period - Stopped by Josh Harding with a rebound.
19:39 of 1st period - Off-side.
19:40 of 1st period - Adam Henrique wins face-off versus Jonathan Ferland in neutral zone.
19:43 of 1st period - Brad Marchand is hit by David Clarkson.
Goals for this period are 1 for Tamiflu vs 1 for Inferno.
Shots for this period are 7 for Tamiflu vs 5 for Inferno.
2nd period
0:01 of 2nd period - Radek Bonk wins face-off versus Mikhail Grabovski in neutral zone.
0:16 of 2nd period - Wrist shot by Radek Bonk.
0:16 of 2nd period - Shot Blocked by Brendan Smith.
0:32 of 2nd period - Slapshot by Stephane Veilleux.
0:32 of 2nd period - Shot Misses the Net.
0:50 of 2nd period - Wrist shot by Brian Boyle.
0:50 of 2nd period - Stopped by Mike McKenna with a rebound.
1:12 of 2nd period - Snap shot by Vladimir Sobotka.
1:12 of 2nd period - Deflect By Vladimir Zharkov.
1:12 of 2nd period - Stopped by Mike McKenna without a rebound.
1:13 of 2nd period - Radek Bonk wins face-off versus Mikhail Grabovski in Tamiflu zone.
1:13 of 2nd period - Radek Bonk is hit by Jonathan Ferland.
1:19 of 2nd period - Nathan Oystrick is hit by Andrej Sekera and loses puck.
1:37 of 2nd period - Snap shot by Radek Bonk.
1:37 of 2nd period - Stopped by Josh Harding with a rebound.
2:09 of 2nd period - Snap shot by Radek Bonk.
2:09 of 2nd period - Shot Misses the Net.
2:11 of 2nd period - Wrist shot by Mike Brown.
2:11 of 2nd period - Shot Misses the Net.
2:13 of 2nd period - Wrist shot by Alex Picard.
2:13 of 2nd period - Stopped by Josh Harding with a rebound.
2:15 of 2nd period - Snap shot by Radek Bonk.
2:15 of 2nd period - Deflect By Mike Brown.
2:15 of 2nd period - Goal by Mike Brown - Tamiflu : 2 - Inferno : 1.
2:16 of 2nd period - Colin Wilson wins face-off versus Nate Thompson in neutral zone.
2:16 of 2nd period - Colin Wilson is hit by Nate Thompson.
2:30 of 2nd period - Wrist shot by Jozef Balej.
2:30 of 2nd period - Shot Misses the Net.
2:32 of 2nd period - Wrist shot by Jozef Balej.
2:32 of 2nd period - Stopped by Mike McKenna with a rebound.
2:46 of 2nd period - Wrist shot by Adam Henrique.
2:46 of 2nd period - Shot Misses the Net.
2:48 of 2nd period - Slapshot by Jonathan Sigalet.
2:48 of 2nd period - Shot Misses the Net.
2:50 of 2nd period - Slapshot by Adam Henrique.
2:50 of 2nd period - Stopped by Josh Harding with a rebound.
3:10 of 2nd period - Slapshot by Vladimir Sobotka.
3:10 of 2nd period - Stopped by Mike McKenna with a rebound.
3:12 of 2nd period - Slapshot by Vladimir Zharkov.
3:12 of 2nd period - Shot Blocked by Jordan Hendry.
3:36 of 2nd period - Snap shot by Radek Bonk.
3:36 of 2nd period - Shot Misses the Net.
4:18 of 2nd period - Off-side.
4:19 of 2nd period - Nate Thompson wins face-off versus Vladimir Sobotka in neutral zone.
4:32 of 2nd period - Slapshot by Andrej Sekera.
4:32 of 2nd period - Deflect By Vladimir Zharkov.
4:32 of 2nd period - Shot Misses the Net.
4:32 of 2nd period - Puck is out of play.
4:33 of 2nd period - Mikhail Grabovski wins face-off versus Radek Bonk in Tamiflu zone.
4:34 of 2nd period - Slapshot by Jonathan Ferland.
4:34 of 2nd period - Stopped by Mike McKenna with a rebound.
4:36 of 2nd period - Wrist shot by Brad Marchand.
4:36 of 2nd period - Stopped by Mike McKenna without a rebound.
4:37 of 2nd period - Radek Bonk wins face-off versus Mikhail Grabovski in Tamiflu zone.
4:37 of 2nd period - Radek Bonk is hit by Mikhail Grabovski.
4:43 of 2nd period - Slapshot by Jonathan Sigalet.
4:43 of 2nd period - Stopped by Josh Harding without a rebound.
4:44 of 2nd period - Mikhail Grabovski wins face-off versus Radek Bonk in Inferno zone.
5:28 of 2nd period - Wrist shot by Alex Berry.
5:28 of 2nd period - Shot Misses the Net.
5:30 of 2nd period - Wrist shot by Brian Boyle.
5:30 of 2nd period - Shot Misses the Net.
5:32 of 2nd period - Slapshot by Andrej Sekera.
5:32 of 2nd period - Shot Blocked by David Clarkson.
5:34 of 2nd period - Slapshot by Andrej Sekera.
5:34 of 2nd period - Shot Blocked by Nathan Oystrick.
5:36 of 2nd period - Wrist shot by Pierre-Luc Létourneau.
5:36 of 2nd period - Stopped by Mike McKenna without a rebound.
5:37 of 2nd period - Radek Bonk wins face-off versus Mikhail Grabovski in Tamiflu zone.
5:55 of 2nd period - Minor Penalty to Radek Bonk for Boarding.
5:56 of 2nd period - Mike Brown wins face-off versus Mikhail Grabovski in Tamiflu zone.
7:55 of 2nd period - Penalty to Radek Bonk is over, Radek Bonk is back on ice.
7:55 of 2nd period - Greg Mauldin is hit by Alex Berry and loses puck.
8:04 of 2nd period - Pierre-Luc Létourneau is hit by Greg Mauldin and loses puck.
8:15 of 2nd period - Kyle Lawson is hit by Vladimir Sobotka and loses puck.
8:59 of 2nd period - Icing by Andrej Sekera.
9:00 of 2nd period - Mikhail Grabovski wins face-off versus Nate Thompson in Inferno zone.
9:09 of 2nd period - Colin Wilson is hit by Alex Picard and loses puck.
9:28 of 2nd period - Slapshot by Alex Berry.
9:28 of 2nd period - Deflect By Adam Henrique.
9:28 of 2nd period - Stopped by Mike McKenna with a rebound.
9:30 of 2nd period - Slapshot by Andrej Sekera.
9:30 of 2nd period - Deflect By Brian Boyle.
9:30 of 2nd period - Shot Misses the Net.
9:30 of 2nd period - Puck is out of play.
9:31 of 2nd period - Radek Bonk wins face-off versus Mikhail Grabovski in Tamiflu zone.
9:44 of 2nd period - Backhand shot by Alex Picard.
9:44 of 2nd period - Deflect By Radek Bonk.
9:44 of 2nd period - Shot Misses the Net.
9:44 of 2nd period - Puck is out of play.
9:45 of 2nd period - Nate Thompson wins face-off versus Mikhail Grabovski in Inferno zone.
9:52 of 2nd period - Slapshot by Petr Pohl.
9:52 of 2nd period - Stopped by Josh Harding with a rebound.
9:54 of 2nd period - Wrist shot by Nate Thompson.
9:54 of 2nd period - Shot Misses the Net.
9:56 of 2nd period - Snap shot by Jani Rita.
9:56 of 2nd period - Shot Hit the Post.
9:58 of 2nd period - Wrist shot by Jani Rita.
9:58 of 2nd period - Goal by Jani Rita - Tamiflu : 3 - Inferno : 1.
9:59 of 2nd period - Radek Bonk wins face-off versus Mikhail Grabovski in neutral zone.
10:01 of 2nd period - Off-side.
10:02 of 2nd period - Mikhail Grabovski wins face-off versus Radek Bonk in neutral zone.
10:05 of 2nd period - Snap shot by Andrej Sekera.
10:05 of 2nd period - Stopped by Mike McKenna with a rebound.
10:27 of 2nd period - Brendan Smith is hit by Petr Pohl.
10:31 of 2nd period - Wrist shot by Nate Thompson.
10:31 of 2nd period - Stopped by Josh Harding with a rebound.
10:33 of 2nd period - Snap shot by Petr Pohl.
10:33 of 2nd period - Goal by Petr Pohl - Tamiflu : 4 - Inferno : 1.
10:33 of 2nd period - Jonathan Boutin enters game.
10:34 of 2nd period - Radek Bonk wins face-off versus Jonathan Ferland in neutral zone.
10:42 of 2nd period - Icing by Andrej Sekera.
10:43 of 2nd period - Mikhail Grabovski wins face-off versus Radek Bonk in Inferno zone.
10:43 of 2nd period - Mikhail Grabovski is hit by Jonathan Sigalet.
11:01 of 2nd period - Slapshot by Brad Marchand.
11:01 of 2nd period - Stopped by Mike McKenna with a rebound.
11:03 of 2nd period - Slapshot by Brendan Smith.
11:03 of 2nd period - Shot Blocked by Mike Brown.
11:07 of 2nd period - Slapshot by Jonathan Ferland.
11:07 of 2nd period - Shot Misses the Net.
11:09 of 2nd period - Slapshot by Andrej Sekera.
11:09 of 2nd period - Shot Blocked by Jonathan Sigalet.
11:21 of 2nd period - Snap shot by Mikhail Grabovski.
11:21 of 2nd period - Shot Misses the Net.
11:23 of 2nd period - Slapshot by Brendan Smith.
11:23 of 2nd period - Deflect By Jonathan Sigalet.
11:23 of 2nd period - Stopped by Mike McKenna with a rebound.
11:25 of 2nd period - Slapshot by Mikhail Grabovski.
11:25 of 2nd period - Stopped by Mike McKenna with a rebound.
11:27 of 2nd period - Snap shot by Jonathan Ferland.
11:27 of 2nd period - Goal by Jonathan Ferland - Tamiflu : 4 - Inferno : 2.
11:28 of 2nd period - Nate Thompson wins face-off versus Colin Wilson in neutral zone.
11:41 of 2nd period - Snap shot by Stephane Veilleux.
11:41 of 2nd period - Shot Blocked by Nathan Oystrick.
11:43 of 2nd period - Slapshot by Jozef Balej.
11:43 of 2nd period - Shot Misses the Net.
11:53 of 2nd period - Petr Pohl is hit by Vladimir Sobotka.
12:02 of 2nd period - Off-side.
12:03 of 2nd period - Mikhail Grabovski wins face-off versus Radek Bonk in neutral zone.
12:19 of 2nd period - Snap shot by Radek Bonk.
12:19 of 2nd period - Shot Misses the Net.
12:29 of 2nd period - Jonathan Ferland is hit by Greg Mauldin and loses puck.
13:03 of 2nd period - Wrist shot by Stephane Veilleux.
13:03 of 2nd period - Shot Misses the Net.
13:13 of 2nd period - Brian Boyle is hit by Nate Thompson and loses puck.
13:20 of 2nd period - Wrist shot by Jani Rita.
13:20 of 2nd period - Shot Blocked by Alex Berry.
13:43 of 2nd period - Vladimir Sobotka is hit by Alex Picard and loses puck.
13:56 of 2nd period - Mark Mitera is hit by Pavel Trnka and loses puck.
14:54 of 2nd period - Brendan Mikkelson is hit by Alex Picard and loses puck.
15:59 of 2nd period - Wrist shot by Mike Brown.
15:59 of 2nd period - Goal by Mike Brown - Tamiflu : 5 - Inferno : 2.
16:00 of 2nd period - Mikhail Grabovski wins face-off versus Nate Thompson in neutral zone.
16:15 of 2nd period - Wrist shot by Mikhail Grabovski.
16:15 of 2nd period - Shot Misses the Net.
16:21 of 2nd period - Minor Penalty to Jonathan Sigalet for Hooking.
16:22 of 2nd period - Radek Bonk wins face-off versus Mikhail Grabovski in Tamiflu zone.
16:48 of 2nd period - Andrej Sekera is hit by Nate Thompson and loses puck.
18:09 of 2nd period - Kyle Lawson is hit by Vladimir Zharkov and loses puck.
18:21 of 2nd period - Penalty to Jonathan Sigalet is over, Jonathan Sigalet is back on ice.
18:26 of 2nd period - Jani Rita is hit by Pierre-Luc Létourneau and loses puck.
18:37 of 2nd period - Brian Boyle is hit by Jonathan Sigalet and loses puck.
18:46 of 2nd period - Pierre-Luc Létourneau is hit by Jani Rita.
18:50 of 2nd period - Brian Boyle is hit by Jonathan Sigalet and loses puck.
19:15 of 2nd period - Wrist shot by Pierre-Luc Létourneau.
19:15 of 2nd period - Deflect By Radek Bonk.
19:15 of 2nd period - Shot Misses the Net.
19:15 of 2nd period - Puck is out of play.
19:16 of 2nd period - Jonathan Ferland wins face-off versus Adam Henrique in Tamiflu zone.
19:21 of 2nd period - Slapshot by Jonathan Ferland.
19:21 of 2nd period - Stopped by Mike McKenna with a rebound.
19:46 of 2nd period - Snap shot by Jozef Balej.
19:46 of 2nd period - Stopped by Mike McKenna without a rebound.
19:47 of 2nd period - Jozef Balej wins face-off versus Greg Mauldin in Tamiflu zone.
Goals for this period are 4 for Tamiflu vs 1 for Inferno.
Shots for this period are 10 for Tamiflu vs 15 for Inferno.
3rd period
0:01 of 3rd period - Radek Bonk wins face-off versus Mikhail Grabovski in neutral zone.
0:11 of 3rd period - Wrist shot by Radek Bonk.
0:11 of 3rd period - Stopped by Jonathan Boutin without a rebound.
0:12 of 3rd period - Brad Marchand wins face-off versus Radek Bonk in Inferno zone.
0:16 of 3rd period - Icing by Mikhail Grabovski.
0:17 of 3rd period - Mikhail Grabovski wins face-off versus Radek Bonk in Inferno zone.
0:28 of 3rd period - Slapshot by Derek Meech.
0:28 of 3rd period - Shot Misses the Net.
1:04 of 3rd period - Slapshot by Vladimir Zharkov.
1:04 of 3rd period - Stopped by Mike McKenna with a rebound.
1:28 of 3rd period - Snap shot by Jonathan Ferland.
1:28 of 3rd period - Shot Misses the Net.
1:30 of 3rd period - Slapshot by Brad Marchand.
1:30 of 3rd period - Shot Misses the Net.
1:36 of 3rd period - Jonathan Sigalet is hit by Mikhail Grabovski and loses puck.
1:48 of 3rd period - Minor Penalty to Derek Meech for Hooking.
1:49 of 3rd period - Brian Boyle wins face-off versus Nate Thompson in Inferno zone.
2:35 of 3rd period - Icing by Nathan Oystrick.
2:36 of 3rd period - Adam Henrique wins face-off versus Vladimir Sobotka in Tamiflu zone.
2:36 of 3rd period - Adam Henrique is hit by Pierre-Luc Létourneau.
3:26 of 3rd period - Slapshot by Andrej Sekera.
3:26 of 3rd period - Shot Misses the Net.
3:28 of 3rd period - Slapshot by Mark Mitera.
3:28 of 3rd period - Stopped by Mike McKenna with a rebound.
3:37 of 3rd period - Icing by Jonathan Sigalet.
3:38 of 3rd period - Brian Boyle wins face-off versus Rich Clune in Tamiflu zone.
3:39 of 3rd period - Wrist shot by Jonathan Ferland.
3:39 of 3rd period - Stopped by Mike McKenna without a rebound.
3:40 of 3rd period - Radek Bonk wins face-off versus Brian Boyle in Tamiflu zone.
3:48 of 3rd period - Penalty to Derek Meech is over, Derek Meech is back on ice.
5:01 of 3rd period - Slapshot by Brian Boyle.
5:01 of 3rd period - Goal by Brian Boyle - Tamiflu : 5 - Inferno : 3.
5:02 of 3rd period - Nate Thompson wins face-off versus Mikhail Grabovski in neutral zone.
5:32 of 3rd period - Backhand shot by Alex Picard.
5:32 of 3rd period - Shot Misses the Net.
5:34 of 3rd period - Slapshot by Jonathan Sigalet.
5:34 of 3rd period - Stopped by Jonathan Boutin with a rebound.
5:36 of 3rd period - Snap shot by Radek Bonk.
5:36 of 3rd period - Shot Misses the Net.
5:38 of 3rd period - Snap shot by Mike Brown.
5:38 of 3rd period - Shot Misses the Net.
5:40 of 3rd period - Snap shot by Mike Brown.
5:40 of 3rd period - Shot Blocked by Brendan Mikkelson.
5:50 of 3rd period - Adam Henrique is hit by Pierre-Luc Létourneau and loses puck.
5:51 of 3rd period - Adam Henrique from Tamiflu is injured at 5:51 of 3rd period (Torso).
5:52 of 3rd period - Nate Thompson wins face-off versus Mikhail Grabovski in Tamiflu zone.
5:59 of 3rd period - Jonathan Ferland is hit by Jonathan Sigalet and loses puck.
6:29 of 3rd period - Snap shot by Colin Wilson.
6:29 of 3rd period - Stopped by Mike McKenna with a rebound.
6:45 of 3rd period - Snap shot by Greg Mauldin.
6:45 of 3rd period - Deflect By Mattias Tedenby.
6:45 of 3rd period - Shot Blocked by Jozef Balej.
6:45 of 3rd period - Puck is out of play.
6:46 of 3rd period - Mikhail Grabovski wins face-off versus Greg Mauldin in Inferno zone.
6:46 of 3rd period - Mikhail Grabovski is hit by Greg Mauldin.
7:22 of 3rd period - Nate Thompson is hit by Brendan Smith and loses puck.
8:10 of 3rd period - Minor Penalty to Nathan Oystrick for Hooking.
8:11 of 3rd period - Mikhail Grabovski wins face-off versus Radek Bonk in Tamiflu zone.
8:47 of 3rd period - Nate Thompson is hit by Vladimir Zharkov and loses puck.
9:17 of 3rd period - Icing by Yannick Weber.
9:18 of 3rd period - Nate Thompson wins face-off versus Mikhail Grabovski in Inferno zone.
9:19 of 3rd period - Slapshot by David Clarkson.
9:19 of 3rd period - Goal by David Clarkson - Tamiflu : 6 - Inferno : 3.
9:20 of 3rd period - Radek Bonk wins face-off versus Mikhail Grabovski in neutral zone.
9:31 of 3rd period - Wrist shot by Alex Picard.
9:31 of 3rd period - Stopped by Jonathan Boutin with a rebound.
9:33 of 3rd period - Snap shot by Pavel Trnka.
9:33 of 3rd period - Deflect By Brad Marchand.
9:33 of 3rd period - Stopped by Jonathan Boutin without a rebound.
9:34 of 3rd period - Radek Bonk wins face-off versus Mikhail Grabovski in Inferno zone.
9:59 of 3rd period - Alex Picard is hit by Vladimir Zharkov and loses puck.
10:04 of 3rd period - Wrist shot by Stephane Veilleux.
10:04 of 3rd period - Stopped by Mike McKenna with a rebound.
10:06 of 3rd period - Snap shot by Colin Wilson.
10:06 of 3rd period - Stopped by Mike McKenna without a rebound.
10:07 of 3rd period - Mikhail Grabovski wins face-off versus Radek Bonk in Tamiflu zone.
10:10 of 3rd period - Penalty to Nathan Oystrick is over, Nathan Oystrick is back on ice.
10:38 of 3rd period - Wrist shot by Nate Thompson.
10:38 of 3rd period - Goal by Nate Thompson - Tamiflu : 7 - Inferno : 3.
10:39 of 3rd period - Mikhail Grabovski wins face-off versus Nate Thompson in neutral zone.
11:17 of 3rd period - Snap shot by Pierre-Luc Létourneau.
11:17 of 3rd period - Shot Blocked by Pavel Trnka.
11:19 of 3rd period - Wrist shot by Alex Berry.
11:19 of 3rd period - Goal by Alex Berry - Tamiflu : 7 - Inferno : 4.
11:20 of 3rd period - Radek Bonk wins face-off versus Jonathan Ferland in neutral zone.
11:45 of 3rd period - Colin Wilson is hit by Jan Mursak and loses puck.
11:57 of 3rd period - Off-side.
11:58 of 3rd period - Brian Boyle wins face-off versus Greg Mauldin in neutral zone.
12:00 of 3rd period - Off-side.
12:01 of 3rd period - Greg Mauldin wins face-off versus Brian Boyle in neutral zone.
12:16 of 3rd period - Alex Berry is hit by Greg Mauldin and loses puck.
12:30 of 3rd period - Snap shot by Mikhail Grabovski.
12:30 of 3rd period - Shot Blocked by Radek Bonk.
12:32 of 3rd period - Backhand shot by Jonathan Ferland.
12:32 of 3rd period - Stopped by Mike McKenna without a rebound.
12:33 of 3rd period - Radek Bonk wins face-off versus Mikhail Grabovski in Tamiflu zone.
12:58 of 3rd period - Jonathan Ferland is hit by Pavel Trnka and loses puck.
13:13 of 3rd period - Wrist shot by Mikhail Grabovski.
13:13 of 3rd period - Stopped by Mike McKenna with a rebound.
13:31 of 3rd period - Slapshot by Mattias Tedenby.
13:31 of 3rd period - Shot Blocked by Yannick Weber.
13:33 of 3rd period - Slapshot by Jonathan Sigalet.
13:33 of 3rd period - Shot Misses the Net.
13:56 of 3rd period - Snap shot by Jozef Balej.
13:56 of 3rd period - Shot Misses the Net.
14:44 of 3rd period - Snap shot by Jozef Balej.
14:44 of 3rd period - Deflect By Colin Wilson.
14:44 of 3rd period - Stopped by Mike McKenna without a rebound.
14:45 of 3rd period - Mattias Tedenby wins face-off versus Colin Wilson in Tamiflu zone.
15:02 of 3rd period - Jozef Balej is hit by Rich Clune and loses puck.
15:48 of 3rd period - Off-side.
15:49 of 3rd period - Mikhail Grabovski wins face-off versus Radek Bonk in neutral zone.
15:56 of 3rd period - Snap shot by Jonathan Ferland.
15:56 of 3rd period - Stopped by Mike McKenna with a rebound.
15:58 of 3rd period - Slapshot by Andrej Sekera.
15:58 of 3rd period - Stopped by Mike McKenna with a rebound.
16:00 of 3rd period - Snap shot by Brad Marchand.
16:00 of 3rd period - Shot Misses the Net.
16:23 of 3rd period - Snap shot by Alex Berry.
16:23 of 3rd period - Deflect By Brian Boyle.
16:23 of 3rd period - Stopped by Mike McKenna without a rebound.
16:24 of 3rd period - Nate Thompson wins face-off versus Brian Boyle in Tamiflu zone.
17:21 of 3rd period - Wrist shot by Jonathan Ferland.
17:21 of 3rd period - Shot Misses the Net.
17:53 of 3rd period - Kyle Lawson is hit by Brendan Smith and loses puck.
18:14 of 3rd period - Snap shot by Nate Thompson.
18:14 of 3rd period - Shot Misses the Net.
18:26 of 3rd period - Slapshot by Brendan Mikkelson.
18:26 of 3rd period - Stopped by Mike McKenna with a rebound.
18:28 of 3rd period - Snap shot by Matt Kassian.
18:28 of 3rd period - Shot Misses the Net.
18:30 of 3rd period - Wrist shot by Vladimir Sobotka.
18:30 of 3rd period - Shot Misses the Net.
18:32 of 3rd period - Slapshot by Vladimir Sobotka.
18:32 of 3rd period - Goal by Vladimir Sobotka - Tamiflu : 7 - Inferno : 5.
18:33 of 3rd period - Brian Boyle wins face-off versus Nate Thompson in neutral zone.
19:45 of 3rd period - Pierre-Luc Létourneau is hit by Kyle Lawson and loses puck.
Goals for this period are 2 for Tamiflu vs 3 for Inferno.
Shots for this period are 6 for Tamiflu vs 16 for Inferno.
Output by the SimonT Hockey Simulator (STHS) for François Prévost -- Original Page W3C XHTML 1.0 Valid